[Event "Early-Titled-Tuesday-Blitz-July-09-2024"]
[Site "Chess.com"]
[Date "2024.07.09"]
[Round "5"]
[White "FREDERICKtheMATE"]
[Black "Jakhongir-Vakhidov"]
[Result "0-1"]
[WhiteElo "2741"]
[BlackElo "3019"]
[TimeControl "180+1"]
[EndTime "8:58:42 PDT"]
[Termination "Jakhongir-Vakhidov won on time"]

1. Nf3 g6 2. d4 Nf6 3. c4 Bg7 4. Nc3 d5 5. Qb3 dxc4 6. Qxc4 Be6 7. Qa4+ Bd7 8. Qa3 O-O 9. e4 Bg4 10. Be3 Nc6 11. O-O-O Qd6 12. Qxd6 cxd6 13. Be2 Rfc8 14. Kb1 Nd7 15. Nd2 Bxe2 16. Nxe2 d5 17. e5 e6 18. Rc1 f6 19. f4 Bh6 20. Rc3 Rf8 21.
Nf3 Nb6 22. b3 Nd7 23. h4 fxe5 24. fxe5 Bxe3 25. Rxe3 h6 26. Rc1 Rf7 27. Kb2 Raf8 28. a3 Kg7 29. Rc2 Rf5 30. Rd2 Nb6 31. Rdd3 a5 32. a4 R5f7 33. Rc3 Nc8 34. Rc5 N8e7 35. Rcc3 Nf5 36. Red3 Nfe7 37. Re3 Nb4 38. Rc7 Nec6 39.
Rxf7+ Rxf7 40. Rc3 Rf5 41. Rc5 Nd3+ 42. Kc3 Nxc5 43. dxc5 Nxe5 44. Ned4 Nxf3 45. Nxf5+ exf5 46. gxf3 g5 47. hxg5 hxg5 48. b4 axb4+ 49. Kxb4 g4 50. fxg4 fxg4 51. a5 g3 0-1

[Event "Early-Titled-Tuesday-Blitz-July-09-2024"]
[Site "Chess.com"]
[Date "2024.07.09"]
[Round "5"]
[White "coalescenet"]
[Black "JueIes"]
[Result "1-0"]
[WhiteElo "2364"]
[BlackElo "2542"]
[TimeControl "180+1"]
[EndTime "8:58:42 PDT"]
[Termination "coalescenet won on time"]

1. d4 Nf6 2. c4 e6 3. Nf3 Bb4+ 4. Nbd2 b6 5. g3 Bb7 6. Bg2 O-O 7. O-O Bxd2 8. Qxd2 d6 9. b4 a5 10. c5 Ne4 11.
Qc2 axb4 12. cxb6 c5 13. dxc5 Nxc5 14. Rb1 Qxb6 15. Be3 Bd5 16. Rb2 Nbd7 17. Ng5 Nf6 18. Bxd5 exd5 19. Rfb1 Rfb8 20. Bd4 h6 21. Bxf6 hxg5 22.
Bxg5 Ne4 23. Be3 Qa5 24. f3 Nc3 25. Ra1 Rc8 26. Qd2 Rc4 27. Qd3 Re8 28. Bd4 Qa3 29. Bxc3 bxc3 30. Rb3 Qc5+ 31. Kg2 c2 32. Rc1 d4 33.
Rb2 Rc3 34. Qd2 Rc8 35. Kf1 Qc4 36. Ke1 g6 37. h4 Kg7 38. h5 d3 39. h6+ Kh7 40.
Qg5 Qe6 41. e4 d5 42. Kd2 dxe4 43. Rb7 e3+ 44. Qxe3 Qxe3+ 45. Kxe3 d2+ 46. Kxd2 Kxh6 47. Rxf7 Ra3 48. f4 Rxg3 49. Rh1+ 1-0

[Event "Early-Titled-Tuesday-Blitz-July-09-2024"]
[Site "Chess.com"]
[Date "2024.07.09"]
[Round "5"]
[White "2KTNGO"]
[Black "IMVadim"]
[Result "1/2-1/2"]
[WhiteElo "2594"]
[BlackElo "2443"]
[TimeControl "180+1"]
[EndTime "8:58:43 PDT"]
[Termination "Game drawn by repetition"]

1. d4 Nf6 2. Nf3 g6 3. c4 Bg7 4. Nc3 d5 5. Qb3 dxc4 6. Qxc4 O-O 7. e4 Nc6 8. Be3 Ng4 9. Rd1 Nxe3 10. fxe3 Bg4 11.
e5 e6 12. a3 Bxf3 13. gxf3 Qh4+ 14. Kd2 Rfd8 15. Kc2 Qf2+ 16. Qe2 Qxe2+ 17. Bxe2 Ne7 18. Bd3 Rac8 19. Be4 b6 20. f4 Nf5 21. Bxf5 gxf5 22. Rhg1 c5 23. d5 exd5 24. Nxd5 Kf8 25. a4 Rd7 26.
Nc3 Rcd8 27. Rxd7 Rxd7 28. Rg5 h6 29. Rxf5 Ke7 30. Rh5 a6 31. Rh3 f6 32. Rg3 Kf7 33.
exf6 Bxf6 34. Ne4 Bg7 35. f5 Be5 36. Rg6 Bxh2 37. Rxh6 Be5 38. Rh7+ Ke8 39. Rxd7 Kxd7 40. Kd3 Bxb2 41. Kc4 Be5 42. Kd5 Bh8 43. a5 bxa5 44. Nxc5+ Ke7 45. Nxa6 Bb2 46. Nc5 Kf6 47. e4 Ba1 48.
Na4 Be5 49. Nb6 Bb2 50. Nd7+ Ke7 51. Nc5 Kf6 52. Nd7+ Ke7 53. Nc5 Kf6 54. Nd3 Ba1 55. Nc5 Bb2 1/2-1/2

[Event "Early-Titled-Tuesday-Blitz-July-09-2024"]
[Site "Chess.com"]
[Date "2024.07.09"]
[Round "5"]
[White "C_K_G"]
[Black "Boorchess"]
[Result "0-1"]
[WhiteElo "2229"]
[BlackElo "2564"]
[TimeControl "180+1"]
[EndTime "8:58:43 PDT"]
[Termination "Boorchess won on time"]

1. e4 c5 2. Nf3 d6 3. d4 cxd4 4.
Nxd4 Nf6 5. Nc3 a6 6. Be2 e5 7. Nb3 Be7 8. f4 exf4 9. Bxf4 Be6 10. O-O Nc6 11. Bf3 Ne5 12. Kh1 O-O 13. Nd5 Nxd5 14.
exd5 Bc8 15. Nd4 Qb6 16. b3 Bf6 17. Rc1 Nxf3 18. Nxf3 Bg4 19. c4 Rfe8 20. Qd3 Bh5 21. h3 Bg6 22. Qd2 Re4 23. Rce1 a5 24. Rxe4 Bxe4 25.
Ng5 Bg6 26. Re1 Bxg5 27. Bxg5 h6 28. Bf4 a4 29. b4 a3 30. Qc3 Qf2 31. Bg3 Qxa2 32.
Bxd6 Qb2 33. Be5 Qf2 34. c5 a2 35. c6 bxc6 36. dxc6 Be4 37. Rxe4 a1=Q+ 38. Qxa1 Rxa1+ 39. Bxa1 Qf1+ 40. Kh2 Qxa1 41. Re8+ Kh7 42. c7 Qc1 43. c8=Q Qf4+ 44. Kg1 Qd4+ 45. Kf1 Qf4+ 46. Ke1 Qxb4+ 0-1

[Event "Early-Titled-Tuesday-Blitz-July-09-2024"]
[Site "Chess.com"]
[Date "2024.07.09"]
[Round "5"]
[White "amylazy"]
[Black "GeorgiosSouleidis"]
[Result "1-0"]
[WhiteElo "2501"]
[BlackElo "2648"]
[TimeControl "180+1"]
[EndTime "8:58:44 PDT"]
[Termination "amylazy won on time"]

1. d4 Nf6 2. Nf3 g6 3. g3 Bg7 4.
Bg2 O-O 5. O-O d6 6. a4 a5 7. Re1 d5 8. Bf4 Bf5 9. Nbd2 Nc6 10. c3 Qc8 11. Ne5 Nxe5 12. Bxe5 c6 13. Qb3 Re8 14.
c4 Be6 15. c5 Qd7 16. Rad1 Bh6 17. Bxf6 exf6 18. Nf3 Qc7 19. Qc3 f5 20. Ne5 f6 21.
Nd3 Re7 22. Rb1 Rae8 23. b4 axb4 24. Qxb4 f4 25. Qb6 fxg3 26. hxg3 Qxb6 27. Rxb6 Bd2 28. Reb1 Bc8 29. e3 Ba5 30. R6b3 Bd8 31. Bf1 h5 32. Nf4 Kg7 33. Bd3 f5 34. Kg2 Bc7 35. Rh1 Rh8 36. Be2 Kf6 37. Bd3 Reh7 38. Be2 h4 39. gxh4 Rxh4 40.
Rxh4 Rxh4 41. Nd3 g5 42. Rb1 Rh2+ 43. Kg1 Rh8 44. Ra1 g4 45. a5 Kg5 46. a6 bxa6 47.
Nb4 Bh2+ 48. Kg2 Bc7 49. Nxc6 1-0

[Event "Early-Titled-Tuesday-Blitz-July-09-2024"]
[Site "Chess.com"]
[Date "2024.07.09"]
[Round "5"]
[White "nitpicker"]
[Black "Cherepov_Alexej"]
[Result "0-1"]
[WhiteElo "2298"]
[BlackElo "2439"]
[TimeControl "180+1"]
[EndTime "8:58:44 PDT"]
[Termination "Cherepov_Alexej won by resignation"]

1. d4 d5 2. c4 dxc4 3. e4 c5 4. Nf3 cxd4 5. Qxd4 Qxd4 6. Nxd4 a6 7. Bxc4 e5 8. Nf3 Nc6 9. O-O Nf6 10. Ng5 Nd8 11. Rd1 Be7 12. Nc3 h6 13. Nf3 Nc6 14. h3 Be6 15. Bxe6 fxe6 16. b3 Bb4 17. Bb2 Ke7 18.
Na4 Nxe4 19. Nxe5 Nxe5 20. Bxe5 Nf6 21. Nb6 Rad8 22. Bc7 Rxd1+ 23. Rxd1 Bc5 24. Nc4 Ne4 25. Bb6 Rc8 26. Bxc5+ Rxc5 27. f3 Nc3 28. Rd2 b5 29.
Rc2 Nd5 30. Ne3 Rxc2 31. Nxc2 Nc3 32. Nb4 Kd6 33. a3 a5 34. Nd3 Kd5 35. Kf2 Kd4 36. Nf4 e5 37. Ne6+ Kd5 38. Nxg7 Nb1 39. a4 bxa4 40.
bxa4 Nc3 41. Nf5 Nxa4 42. Nxh6 Nc3 43. Ke3 a4 44. Kd3 Nd1 45. Kc2 Ne3+ 46. Kc3 Nxg2 47.
Kb4 Nf4 48. h4 Ng6 49. Nf5 Ke6 50. Ng7+ Kf6 51. Nf5 Kxf5 52. h5 Nh4 53. Kxa4 Nxf3 54.
Kb4 Kg5 55. Kc3 Kxh5 56. Kd3 Kg4 57. Ke4 Kg3 58. Ke3 Ng5 59. Kd3 Kf3 60. Kd2 e4 0-1

[Event "Early-Titled-Tuesday-Blitz-July-09-2024"]
[Site "Chess.com"]
[Date "2024.07.09"]
[Round "5"]
[White "sathvikadiga"]
[Black "Chaubunagungamaug1"]
[Result "1-0"]
[WhiteElo "2671"]
[BlackElo "2487"]
[TimeControl "180+1"]
[EndTime "8:58:48 PDT"]
[Termination "sathvikadiga won by resignation"]

1. e4 c5 2. Nf3 e6 3. g3 Nc6 4.
Bg2 d5 5. exd5 exd5 6. d4 Bg4 7. O-O cxd4 8. Nbd2 Nf6 9. h3 Bh5 10. Nb3 Be7 11. g4 Bg6 12. Nbxd4 O-O 13. c3 Rc8 14. Bf4 Ne4 15. Qe2 Bd6 16. Bxd6 Qxd6 17. Rfe1 Rfe8 18.
Qb5 Re7 19. Re3 Qf4 20. Qe2 Nxd4 21. Nxd4 Rd7 22. Re1 h6 23. Rf3 Qd6 24. Nf5 Qb6 25. Rf4 Bxf5 26. gxf5 Nf6 27. Rb4 Qc5 28. Qe3 d4 29.
Rxd4 Qxf5 30. Rxd7 Nxd7 31. Bxb7 Rb8 32. Be4 Qe6 33.
b3 Ne5 34. Bg2 Re8 35. c4 g6 36. Kf1 Qf5 37. f4 Re6 38. Kg1 Nc6 39. Be4 Qf6 40. Qf3 Nd4 41. Qf2 Kg7 42. Bg2 Nf5 43. Rxe6 Qxe6 44. c5 Qf6 45. c6 Qa1+ 46. Kh2 Qc3 47. Qf3 Qc2 48. Qd5 Ne3 49. Qe4 Nf5 50. Qxc2 1-0

[Event "Early-Titled-Tuesday-Blitz-July-09-2024"]
[Site "Chess.com"]
[Date "2024.07.09"]
[Round "5"]
[White "JosefineHeinemann"]
[Black "arenal72"]
[Result "1-0"]
[WhiteElo "2523"]
[BlackElo "2700"]
[TimeControl "180+1"]
[EndTime "8:58:49 PDT"]
[Termination "JosefineHeinemann won by resignation"]

1. c4 e6 2. g3 d5 3. Nf3 dxc4 4. Bg2 Nf6 5. Qa4+ Nbd7 6. Qxc4 a6 7. Qc2 c5 8. Nc3 Be7 9. d4 O-O 10. O-O Qb6 11.
Na4 Qb5 12. Bf4 Nd5 13. Bd2 b6 14. dxc5 Nxc5 15. Nxc5 Qxc5 16. Qe4 Bb7 17. Ng5 Bxg5 18. Bxg5 Rac8 19. Qh4 Ba8 20. e4 f6 21. exd5 fxg5 22.
Qxg5 Bxd5 23. Rac1 Qd4 24. Bxd5 exd5 25. Rcd1 Qxb2 26.
Qxd5+ Kh8 27. Rb1 Qf6 28. Qb7 Rc2 29. Qxb6 Qf5 30. a4 Ra2 31. Ra1 Rxa1 32. Rxa1 Qe5 33. Rf1 a5 34. Qb5 Qc3 35. h4 Qd2 36. Qc5 Re8 37.
Rb1 h6 38. Kg2 Qd3 39. Rf1 Qe4+ 40. Kg1 Qxa4 41. Rc1 Qa2 42. Qc6 Rf8 43. Qc5 Rg8 44.
Re1 a4 45. Re5 Qb1+ 46. Kg2 Ra8 47. Qd5 Qb8 48. Re7 a3 49. Qd4 Qf8 50. Re6 a2 51.
Rxh6+ Kg8 52. Qd5+ Qf7 53. Qxa8+ Qf8 54. Rh8+ Kxh8 55.
Qxf8+ Kh7 56. Qa3 1-0

[Event "Early-Titled-Tuesday-Blitz-July-09-2024"]
[Site "Chess.com"]
[Date "2024.07.09"]
[Round "5"]
[White "Boundless_Strike"]
[Black "paranoyak"]
[Result "1-0"]
[WhiteElo "2791"]
[BlackElo "2562"]
[TimeControl "180+1"]
[EndTime "8:58:50 PDT"]
[Termination "Boundless_Strike won by resignation"]

1. d4 c6 2. e4 d5 3. Nc3 dxe4 4. Bc4 Nf6 5. f3 e5 6. dxe5 Qxd1+ 7. Kxd1 Nfd7 8. Bf4 Nb6 9. Bb3 exf3 10. Nxf3 Be7 11.
Kd2 O-O 12. Rad1 Na6 13. Ne4 Bf5 14. Nd6 Bxd6 15. exd6 Nc5 16. Kc1 Nxb3+ 17. axb3 Nd5 18. Bg3 Rad8 19. Nd4 Bg4 20. Rde1 Rfe8 21. c3 Ne3 22. h3 Bd7 23. Re2 c5 24. Nf3 Nf5 25. Rxe8+ Rxe8 26. Bh2 Re2 27. g4 Ne3 28. Ne5 Be6 29. d7 Rc2+ 30.
Kb1 Rd2 31. Bf4 Bxb3 32. Bxe3 Rd5 33. c4 Bxc4 34. Nxc4 Rxd7 35. Kc2 b5 36. Nd2 c4 37.
Ra1 Re7 38. Bxa7 h6 39. Ra5 Rb7 40. Bd4 Kh7 41. Ne4 b4 42. Nd6 Rc7 43. Ra4 c3 44. b3 Rd7 45. Bc5 Rd8 46. Rxb4 Rd7 47. Kxc3 Rd8 48. Re4 Rd7 49. Kc4 Rd8 50. b4 Ra8 51. b5 Ra1 52. Bb4 Rc1+ 53. Kd5 Rd1+ 54. Rd4 Rb1 55. Kc6 Rc1+ 56. Rc4 Rb1 57. b6 1-0

[Event "Early-Titled-Tuesday-Blitz-July-09-2024"]
[Site "Chess.com"]
[Date "2024.07.09"]
[Round "5"]
[White "Kotofeyca"]
[Black "Mops_2004"]
[Result "0-1"]
[WhiteElo "2510"]
[BlackElo "2727"]
[TimeControl "180+1"]
[EndTime "8:58:50 PDT"]
[Termination "Mops_2004 won by checkmate"]

1. d4 f5 2. g3 Nf6 3. Bg2 g6 4. Nd2 Nc6 5. d5 Nb4 6. c4 Bg7 7. a3 Na6 8. e4 Nc5 9. exf5 Nd3+ 10. Kf1 gxf5 11. Qc2 Nxc1 12. Qxf5 e6 13. Qc2 Na2 14. Rxa2 exd5 15. cxd5 O-O 16. f4 c6 17. d6 b5 18. Ra1 Bb7 19. Nh3 Ng4 20. Qb3+ Kh8 21.
Ng5 Qf6 22. h3 Qxg5 23. hxg4 Qxg4 24. Kf2 Bd4+ 25. Kf1 Rae8 26. Qf3 Qg7 27. Nb3 Re3 28. Qh5 Bb6 29. Nd2 Rxg3 30. Be4 Rxf4+ 31. Ke1 Re3+ 32. Kd1 Rexe4 33. Nxe4 Rxe4 34. Kc2 Rc4+ 35. Kb3 Rf4 36. Rae1 Qf7+ 37. Qxf7 Rxf7 38. Re7 Kg7 39. Rxh7+ Kxh7 40. Rxf7+ Kg6 41. Rxd7 Bc8 42. Rd8 Bxd8 43. Kb4 Bb6 44.
a4 a5+ 45. Kc3 b4+ 46. Kc4 Ba6+ 47. Kb3 Kf7 48. d7 Ke7 49. Ka2 Kd8 50. b3 Kxd7 51.
Kb1 Kd6 52. Kb2 Kd5 53. Ka2 Kd4 54. Ka1 Kd3 55. Kb2 Kd2 56. Ka2 Kc3 57. Ka1 Kxb3 58. Kb1 c5 59. Ka1 c4 60. Kb1 c3 61. Ka1 Bd4 62. Kb1 c2+ 63. Kc1 Be3# 0-1

[Event "Early-Titled-Tuesday-Blitz-July-09-2024"]
[Site "Chess.com"]
[Date "2024.07.09"]
[Round "5"]
[White "sanbruh"]
[Black "elgrona"]
[Result "0-1"]
[WhiteElo "2359"]
[BlackElo "2111"]
[TimeControl "180+1"]
[EndTime "8:58:50 PDT"]
[Termination "elgrona won by resignation"]

1. e4 c6 2. d4 d5 3. Nc3 dxe4 4. Nxe4 Nf6 5. Nxf6+ exf6 6. Nf3 Bd6 7. Bd3 O-O 8. O-O Bg4 9. c3 Nd7 10. Qc2 Bxf3 11. Bxh7+ Kh8 12. gxf3 g6 13. Bh6 Re8 14. Bxg6 fxg6 15. Kh1 Kh7 16. Rg1 Rg8 17. Be3 f5 18. Bg5 Be7 19. f4 Bxg5 20. fxg5 Nb6 21. Rg3 Kg7 22. Re3 Qd5+ 23. Kg1 Rae8 24. Rae1 Rxe3 25. Rxe3 Rf8 26. Re5 Qf3 27. c4 Qg4+ 28. Kf1 Qxg5 29. d5 cxd5 30. cxd5 Rc8 31. h4 Rxc2 32. hxg5 Rxb2 33.
Re7+ Kf8 34. Rxb7 Rxa2 35. d6 Rd2 36. Rxa7 Rxd6 37. Ra6 Nc4 38. Ra8+ Kf7 39. Ra7+ Ke6 40. Rg7 Ke5 41. Ke2 Kf4 42. Rc7 Ne5 43. Rc5 Re6 44. Kf1 Kxg5 45. Kg2 Kf6 46. Rc8 g5 47. Rf8+ Nf7 48. Rg8 Ra6 49. Rb8 g4 50. Rb5 f4 51.
Rc5 Ne5 52. Rc8 Ra2 53. Rf8+ Kg5 54. Rg8+ Kf5 55. Rf8+ Ke4 56. Re8 g3 57. Kg1 Rxf2 58.
Re7 f3 59. Re8 Ra2 60. Ra8 Rxa8 0-1

[Event "Early-Titled-Tuesday-Blitz-July-09-2024"]
[Site "Chess.com"]
[Date "2024.07.09"]
[Round "5"]
[White "ilovejokes555"]
[Black "subham777"]
[Result "1-0"]
[WhiteElo "2345"]
[BlackElo "2538"]
[TimeControl "180+1"]
[EndTime "8:58:51 PDT"]
[Termination "ilovejokes555 won on time"]

1. e4 e6 2. d4 d5 3. Nd2 c5 4.
exd5 Qxd5 5. Ngf3 cxd4 6. Bc4 Qd7 7. O-O Nc6 8. Nb3 Nf6 9. Nbxd4 Nxd4 10. Nxd4 a6 11. Bb3 Bc5 12. c3 O-O 13. Bg5 Ne4 14.
Be3 b5 15. Qe2 Bb7 16. Rad1 Qe7 17. Bc2 Rad8 18. Qg4 f5 19. Qe2 f4 20. Bc1 Bxd4 21.
Bxe4 f3 22. Bxf3 Bxf3 23. gxf3 Bc5 24. Rxd8 Rxd8 25. Re1 h6 26. Be3 Bd6 27. Bd4 Qg5+ 28. Kh1 Qf4 29. Qxe6+ Kh8 30. Qh3 Rf8 31. Rg1 Rf7 32.
Qg3 Qxg3 33. hxg3 Rxf3 34. Kg2 Rd3 35. Re1 Rd2 36. Re6 Bf8 37. Re8 Kg8 38. Bc5 Rxb2 39.
Rxf8+ Kh7 40. a3 Rb3 41. Bb4 a5 42. Bxa5 Rxa3 43. Bb4 Ra6 44. Rf5 Rb6 45. Rc5 Rb7 46. Rc6 g6 47. Kf3 h5 48. Ke4 Kh6 49. f4 Kg7 50.
Bd6 Kf6 51. Be5+ Kf7 52. Rc7+ Rxc7 53. Bxc7 Ke6 54. Ba5 Kd6 55. Bb4+ Ke6 56. Kf3 Kf5 57. Bc5 g5 58. fxg5 Kxg5 59. Bb4 Kf5 60. Kg2 1-0

[Event "Early-Titled-Tuesday-Blitz-July-09-2024"]
[Site "Chess.com"]
[Date "2024.07.09"]
[Round "5"]
[White "FollowRivers"]
[Black "gpsji27"]
[Result "1/2-1/2"]
[WhiteElo "2515"]
[BlackElo "2349"]
[TimeControl "180+1"]
[EndTime "8:58:51 PDT"]
[Termination "Game drawn by repetition"]

1. Nf3 d5 2. b3 Bg4 3. Bb2 Nf6 4.
e3 Nbd7 5. Be2 c6 6. d4 e6 7. h3 Bh5 8. Ne5 Bxe2 9. Qxe2 Be7 10. Nd2 O-O 11. O-O Rc8 12. c4 c5 13. Rfd1 Qc7 14.
Rac1 b6 15. cxd5 exd5 16. Nxd7 Qxd7 17. dxc5 bxc5 18. Nf3 Qe6 19. Rc2 Ne4 20. Nd2 Rfd8 21. Nxe4 dxe4 22. Rcd2 Rf8 23. Rd7 a6 24. Ra7 Rc6 25.
Rdd7 Bf6 26. Bxf6 Qxf6 27. Qc4 Qg6 28. Rxf7 Qxf7 29. Rxf7 Rxf7 30. Qxe4 Rd6 31. g4 Rd1+ 32. Kg2 Rd2 33. Qa8+ Rf8 34. Qxa6 Rfxf2+ 35. Kg3 h6 36. Qc4+ Kh7 37. Qxc5 Rxa2 38. Qd5 Rfe2 39. Qd3+ Kg8 40. b4 Rad2 41. Qc4+ Kh7 42. b5 Rxe3+ 43. Kf4 Rdd3 44. b6 g5+ 45. Kf5 Rf3+ 46. Ke6 Rfe3+ 47. Kf7 Rf3+ 48. Ke6 Rfe3+ 49. Kf5 Rf3+ 50. Ke5 Rfe3+ 51. Kf6 Rf3+ 52. Ke5 Rfe3+ 53. Kf6 Rf3+ 54. Ke6 1/2-1/2

[Event "Early-Titled-Tuesday-Blitz-July-09-2024"]
[Site "Chess.com"]
[Date "2024.07.09"]
[Round "5"]
[White "ketster"]
[Black "Defenstrator"]
[Result "0-1"]
[WhiteElo "2571"]
[BlackElo "2420"]
[TimeControl "180+1"]
[EndTime "8:58:53 PDT"]
[Termination "Defenstrator won on time"]

1. c4 e5 2. Nc3 Nf6 3. e3 d5 4.
cxd5 Nxd5 5. Nf3 Nc6 6. Bb5 Nxc3 7. bxc3 Bd6 8. d4 exd4 9. cxd4 O-O 10. h3 Ne7 11. O-O c5 12. Bb2 Qb6 13. Qe2 cxd4 14.
Nxd4 Nf5 15. Rac1 Nxd4 16. Bxd4 Qd8 17. Rfd1 Qg5 18. Bxg7 Kxg7 19. Rxd6 Bxh3 20. Qb2+ Kg8 21. Bf1 Be6 22. e4 Qe7 23. Rd3 f6 24. e5 Bf5 25. Rg3+ Bg6 26. Bc4+ Kh8 27. Re1 fxe5 28.
Rxe5 Qf6 29. Rf3 Qg7 30. Rfe3 Rad8 31. Qb3 Rd4 32. Bd5 Rdf4 33. Bf3 Qf6 34. Re7 b6 35. Rxa7 Rd4 36. Re1 Rd2 37. Qe3 Rc2 38. Rb7 Rb2 39.
a4 Be8 40. a5 bxa5 41. Rxb2 Qxb2 42. Qe7 Qg7 43. Qc5 a4 44. Re7 Bf7 45. Qa7 Qa1+ 46.
Kh2 Bg8 47. Rd7 a3 48. Rd4 Qe1 49. Ra4 Qe5+ 50. Kg1 a2 0-1

[Event "Early-Titled-Tuesday-Blitz-July-09-2024"]
[Site "Chess.com"]
[Date "2024.07.09"]
[Round "5"]
[White "GelmanAlexander"]
[Black "Volodar_Murzin"]
[Result "0-1"]
[WhiteElo "2730"]
[BlackElo "2988"]
[TimeControl "180+1"]
[EndTime "8:58:54 PDT"]
[Termination "Volodar_Murzin won on time"]

1. c4 Nf6 2. d3 d6 3. Nf3 b6 4. e3 Bb7 5. Be2 Nbd7 6. Qc2 g6 7. O-O Bg7 8. Nc3 O-O 9. a3 a5 10. Rb1 e5 11. b4 Re8 12. Nd2 h5 13. Bf3 Bxf3 14.
Nxf3 Nf8 15. Bb2 Ne6 16. Rfd1 Qc8 17. Nd5 Qb7 18. Qb3 axb4 19. axb4 b5 20. Nxf6+ Bxf6 21. c5 Bg7 22. cxd6 cxd6 23. Rbc1 Ra4 24. h3 Rea8 25.
Rc2 Nc7 26. Rdc1 Qd5 27. Qc3 Na6 28. e4 Qb7 29. Qc6 Qxc6 30. Rxc6 Bf8 31. d4 Nxb4 32. Rc8 Nd3 33. Rxa8 Rxa8 34. Rb1 Ra2 35. Bc3 Nxf2 36. Rxb5 Nxe4 37. Bb4 exd4 38. Nxd4 Ra8 39. Rb7 Nc5 40. Rc7 Na6 41. Rb7 Nxb4 42. Rxb4 Bg7 43. Nf3 Rd8 44.
Kf2 Be5 45. Ke2 Kg7 46. Rb7 Bf6 47. g4 hxg4 48. hxg4 Re8+ 49. Kd3 Re6 50. Rd7 Kf8 51. Nd2 Be7 52. Ne4 Re5 53. Rb7 d5 54. Nc3 Rg5 55.
Rb8+ Kg7 56. Rb7 Bf6 57. Nb5 Be5 0-1

[Event "Early-Titled-Tuesday-Blitz-July-09-2024"]
[Site "Chess.com"]
[Date "2024.07.09"]
[Round "5"]
[White "Ratkovic_Miloje"]
[Black "dapsay"]
[Result "1/2-1/2"]
[WhiteElo "2786"]
[BlackElo "2573"]
[TimeControl "180+1"]
[EndTime "8:58:54 PDT"]
[Termination "Game drawn by repetition"]

1. e4 c5 2. Nf3 e6 3. b3 Nc6 4.
Bb2 Nf6 5. Nc3 a6 6. d4 cxd4 7. Nxd4 Bb4 8. Nxc6 bxc6 9. a3 Be7 10. e5 Nd5 11. Ne4 f5 12. exf6 Nxf6 13. Nd6+ Bxd6 14. Qxd6 Qa5+ 15. b4 Qd5 16. Qg3 Qe4+ 17. Be2 O-O 18. Qd3 Qxg2 19. O-O-O d5 20. Rhg1 Qxh2 21. Rg3 Ra7 22.
Rdg1 Rff7 23. Kb1 Qh4 24. Rh3 Qe4 25. Qd2 e5 26. Bd3 Qf4 27. Qxf4 exf4 28. Rh4 Ne4 29. f3 Nd2+ 30. Kc1 Nxf3 31. Bxh7+ Kf8 32. Rhh1 Nxg1 33. Rxg1 Rae7 34. Bd4 Ke8 35. Bg6 Bf5 36. Bxf7+ Rxf7 37. Rxg7 Rxg7 38. Bxg7 Be4 39. Be5 f3 40. Bd4 Kd7 41.
a4 Ke6 42. a5 Kf5 43. Kd2 Kf4 44. c3 Kg3 45. Ke1 Kg2 46. Bf2 Bd3 47. Be3 Bc4 48. Bf2 Bb5 49. Be3 Kg3 50. Bf2+ Kf4 51. Bd4 Ke4 52.
Kf2 Be2 53. Bc5 Kd3 54. Bd4 Kc4 55. Bf6 c5 56. bxc5 Kxc5 57. Bd4+ Kb5 58. Bb6 Kc4 59.
Bd4 Kb5 60. Bb6 Kc4 61. Bd4 Bd1 62. Ke3 Be2 63. Be5 Kb5 64. Bc7 Kc4 65. Be5 Bd1 66. Bd4 Be2 67. Be5 1/2-1/2

[Event "Early-Titled-Tuesday-Blitz-July-09-2024"]
[Site "Chess.com"]
[Date "2024.07.09"]
[Round "5"]
[White "BeanScreen"]
[Black "jasrom"]
[Result "1-0"]
[WhiteElo "2678"]
[BlackElo "2344"]
[TimeControl "180+1"]
[EndTime "8:58:54 PDT"]
[Termination "BeanScreen won on time"]

1. e4 e6 2. d4 d5 3. Nc3 Nf6 4. Bg5 dxe4 5. Nxe4 Be7 6. Bxf6 gxf6 7. Nf3 f5 8. Nc3 a6 9. Qe2 b5 10. O-O-O b4 11.
Na4 Qd5 12. b3 Nd7 13. Qd2 Nb6 14. Nxb6 cxb6 15. Bc4 Qa5 16. d5 Qa3+ 17. Kb1 Bf6 18. Qc1 b5 19. Qxa3 bxa3 20. Be2 Bb7 21. dxe6 fxe6 22.
Nd4 Bxd4 23. Rxd4 Rd8 24. Rxd8+ Kxd8 25. Rd1+ Ke7 26. g3 h5 27. h4 Be4 28. Kc1 Rc8 29. Rd2 Rh8 30. Kd1 e5 31. Bd3 Bxd3 32. Rxd3 Ke6 33.
Kd2 Rc8 34. b4 Rc4 35. Rxa3 Rc6 36. Rc3 Rd6+ 37. Rd3 Rc6 38. Rd8 Rc4 39. c3 f4 40.
Rh8 fxg3 41. fxg3 Rg4 42. Rxh5 Rxg3 43. Rh6+ Kd5 44. Rxa6 Rg2+ 45. Kd3 Rg3+ 46. Kc2 Rg2+ 47. Kb3 e4 48. Ra8 Rh2 49. Rd8+ Ke5 50. Re8+ Kf4 51. a4 bxa4+ 52. Kxa4 Rxh4 53. b5 Rh5 54. b6 1-0

[Event "Early-Titled-Tuesday-Blitz-July-09-2024"]
[Site "Chess.com"]
[Date "2024.07.09"]
[Round "5"]
[White "FoggyMorning"]
[Black "ThanhNghia"]
[Result "1/2-1/2"]
[WhiteElo "2657"]
[BlackElo "2502"]
[TimeControl "180+1"]
[EndTime "8:58:54 PDT"]
[Termination "Game drawn by repetition"]

1. e4 e5 2. Nf3 Nc6 3. Bc4 Be7 4. d4 exd4 5. Nxd4 d6 6. Nc3 Nf6 7. O-O O-O 8. Bb3 Bd7 9. Re1 Nxd4 10. Qxd4 c5 11. Qd3 Bc6 12. Bf4 Nh5 13. Be3 Nf6 14. Rad1 a6 15. a4 Ng4 16. Bf4 Ne5 17. Bxe5 dxe5 18.
Bd5 Qb6 19. Bxc6 bxc6 20. b3 Rad8 21. Qg3 f6 22. Qg4 Kf7 23. Qh5+ Kg8 24. Qh3 Kf7 25.
Qxh7 Rh8 26. Qf5 c4 27. Rb1 Qa5 28. Ne2 Qd2 29. Qf3 Qxc2 30. Rec1 Qa2 31. bxc4 Rb8 32. Rxb8 Rxb8 33. Ng3 Rb1 34. Rf1 Rxf1+ 35. Nxf1 Qxa4 36.
Qh5+ Kf8 37. Qh8+ Kf7 38. Qh5+ Kg8 39. Qe8+ Bf8 40. Qe6+ Kh8 41. Qh3+ Kg8 42. Qe6+ Kh8 43. g3 Qb4 44. Ne3 a5 45. Qxc6 a4 46. Qa8 a3 47.
Kg2 Qb1 48. Qxf8+ Kh7 49. Qe8 Qxe4+ 50. Kh3 a2 51. Qh5+ Kg8 52. Qe8+ Kh7 53. Qh5+ Kg8 54. Qe8+ Kh7 1/2-1/2

[Event "Early-Titled-Tuesday-Blitz-July-09-2024"]
[Site "Chess.com"]
[Date "2024.07.09"]
[Round "5"]
[White "MikeSailer"]
[Black "IMGC"]
[Result "0-1"]
[WhiteElo "2096"]
[BlackElo "2466"]
[TimeControl "180+1"]
[EndTime "8:58:54 PDT"]
[Termination "IMGC won on time"]

1. d4 d5 2. Nf3 e6 3. Bf4 Nf6 4. e3 c5 5. c3 Nc6 6. Bd3 Nh5 7. Bg5 Qb6 8. Qc2 h6 9. Bh4 g5 10. Bg3 Nxg3 11. hxg3 Bg7 12. Nbd2 Bd7 13. dxc5 Qxc5 14. Nb3 Qb6 15. a4 a6 16. a5 Qa7 17. Nbd4 Rc8 18. Nxc6 Bxc6 19. e4 dxe4 20. Bxe4 Qc5 21. Bxc6+ Qxc6 22. O-O O-O 23. Rfe1 Qb5 24. Re3 Rfd8 25. Qc1 Rd7 26.
Qe1 Qxb2 27. Ne5 Bxe5 28. Rxe5 Qxc3 29. Qxc3 Rxc3 30. Rb1 Rcd3 31. Ree1 R3d5 32. Ra1 Rb5 33. Rec1 Rdd5 34. Rc7 Rxa5 35. Rxa5 Rxa5 36. Rxb7 Rb5 37. Ra7 a5 38. g4 Kg7 39. f3 Kf6 40. Kf2 Rb2+ 41.
Kg3 Ra2 42. Ra6 a4 43. Ra7 a3 44. Ra6 Ra1 45. Ra7 Ke5 46. Ra5+ Kd4 47. Ra4+ Kc3 48.
Ra8 Kb3 49. Rb8+ Ka2 50. Rb7 Rb1 51. Rxf7 Rb6 52. Ra7 Kb2 53. f4 Rb3+ 54. Kh2 gxf4 55. g5 hxg5 0-1

[Event "Early-Titled-Tuesday-Blitz-July-09-2024"]
[Site "Chess.com"]
[Date "2024.07.09"]
[Round "5"]
[White "JavierRuizVazquez"]
[Black "Zq1"]
[Result "0-1"]
[WhiteElo "2395"]
[BlackElo "2575"]
[TimeControl "180+1"]
[EndTime "8:58:57 PDT"]
[Termination "Zq1 won by resignation"]

1. e4 c5 2. Nc3 g6 3. d4 cxd4 4. Qxd4 Nf6 5. Nf3 Nc6 6. Qd1 Bg7 7. Bc4 O-O 8. O-O d6 9. Bg5 Bg4 10. h3 Bxf3 11. Qxf3 Ne5 12. Qe2 Nxc4 13. Qxc4 Rc8 14. Qd3 Qc7 15. Rfe1 Rfe8 16. Rad1 Qc4 17. Qf3 Nd7 18.
Re3 Ne5 19. Qg3 h6 20. Bf4 g5 21. Bxe5 Bxe5 22. Qf3 e6 23. Rde1 b5 24. Qh5 Bg7 25. h4 Rc5 26. hxg5 Rxg5 27. Qe2 Qxe2 28. R1xe2 Rc8 29.
Nd1 b4 30. Rd3 Rc6 31. c3 bxc3 32. Nxc3 Bxc3 33. Rxc3 Rxc3 34. bxc3 Kf8 35. f3 Rc5 36. Rc2 Ke7 37. Kf1 f5 38. exf5 Rxf5 39. Ke2 Rc5 40. Kd3 Kf6 41. Rb2 a5 42. Rb7 h5 43. Rh7 Rg5 44.
a4 Kg6 45. Re7 Kf6 46. Rh7 Ke5 47. Ra7 Kf4 48. Ra6 Rd5+ 49. Kc2 Kg3 50. Rb6 Kxg2 51.
c4 Rd4 52. Kc3 e5 53. Rb5 Kxf3 54. Rxa5 h4 55. Ra8 h3 56. Rh8 Kg3 57. Rb8 h2 58.
Rb1 Rh4 59. a5 h1=Q 60. Rxh1 Rxh1 61. a6 Ra1 0-1